 Dungeon Crawl Stone Soup version 0.29.1-2-gbd0b4ee654 (webtiles) character file.

Game seed: 13285822008929845190

679 kingsuperguy the Chopper (level 7, -4/61 HPs)
             Began as a Hill Orc Monk on Nov 28, 2022.
             Was a Believer of Beogh.
             Slain by an ogre
             ... wielding a +0 giant club
              (15 damage)
             ... on level 4 of the Dungeon.
             The game lasted 00:09:02 (4953 turns).

kingsuperguy the Chopper (Hill Orc Monk)            Turns: 4953, Time: 00:09:03

Health: -4/61      AC:  5    Str: 16    XL:     7   Next: 60%
Magic:  7/7        EV: 11    Int: 10    God:    Beogh [**....]
Gold:   162        SH:  5    Dex: 13    Spells: 6/6 levels left

rFire   . . .      SeeInvis .   a - +0 hand axe
rCold   . . .      Faith    .   (no shield)
rNeg    . . .      Spirit   .   c - +0 ring mail
rPois   .          Reflect  +   (no helmet)
rElec   .          Harm     .   (no cloak)
rCorr   .          Rampage  .   (no gloves)
Will    .....                   (no boots)
Stlth   +.........              j - amulet of reflection
HPRegen 0.20/turn               (no ring)
MPRegen 0.10/turn               (no ring)

@: about to teleport
A: no striking features
a: Renounce Religion, Smiting


You were on level 4 of the Dungeon.
You worshipped Beogh.
Beogh was pleased with you.
You visited 1 branch of the dungeon, and saw 5 of its levels.

You collected 162 gold pieces.

Inventory:

Hand Weapons
 a - a +0 hand axe (weapon)
 g - a +0 whip of venom
 m - a +0 scythe
 t - a +0 vorpal spear
 u - a +0 trident of freezing
 v - a +0 vampiric whip
Missiles
 e - 5 atropa-tipped darts (quivered)
 p - 16 poisoned darts
Armour
 b - a +0 robe
 c - a +0 ring mail (worn)
 q - a +1 robe of resistance
Jewellery
 d - a ring of resist corrosion
 j - an amulet of reflection (around neck)
Wands
 l - a wand of polymorph (8)
Scrolls
 f - a scroll of silence {unknown}
 h - 3 scrolls of identify {unknown}
 i - a scroll of fog {unknown}
 n - a scroll of vulnerability {unknown}
 o - 2 scrolls of teleportation
 r - 2 scrolls of fear {unknown}
Potions
 k - 2 potions of curing
 s - a potion of heal wounds {unknown}


   Skills:
 + Level 5.2 Fighting
 + Level 7.9 Axes
 + Level 3.1 Armour
 + Level 3.2 Dodging
 + Level 2.4 Stealth
 + Level 2.0 Shields
 + Level 1.0 Invocations
 + Level 0.1 Evocations


You had 6 spell levels left.
You didn't know any spells.
Your spell library contained the following spells:

 Spells                   Type           Power      Damage    Failure   Level
 Beastly Appendage        Tmut           0%         N/A       56%         1
 Irradiate                Conj/Tmut      0%         3d11      100%        5
 Statue Form              Tmut/Erth      0%         N/A       100%        6


Dungeon Overview and Level Annotations

Branches:
Dungeon (5/15)
 Temple: D:4-7

Altars:
Dithmenos

Annotations:
D:4 Eustachio


Message History

The ogre shouts!
You hear a shout!
A gnoll comes into view. It is wielding a +0 flail.
The gnoll shouts!
There is an open door here.
The gnoll drinks a potion.
The gnoll goes berserk!
The ogre closely misses you.
You hit the ogre.
The ogre is lightly wounded.
You hit the ogre.
The ogre is heavily wounded.
You hit the gnoll. The gnoll hits you with a +0 club!
You block the ogre's attack.
You hit the ogre but do no damage.
The ogre is heavily wounded.
You hit the gnoll. The gnoll hits you with a +0 club.
The gnoll hits you but does no damage.
You hit the ogre.
The ogre is severely wounded.
You hit the gnoll. x2; The ogre closely misses you.
An endoplasm comes into view.
You block the gnoll's attack.
You barely miss the ogre.
The ogre is severely wounded.
You completely miss the gnoll.
The endoplasm quivers.
You hit the gnoll. You hit the gnoll but do no damage.
The gnoll hits you with a +0 club! The gnoll misses you.
The gnoll hits you with a +0 flail!
The ogre hits you with a +0 giant club!!
* * * LOW HITPOINT WARNING * * *
As you read the scroll of teleportation, it crumbles to dust.
You feel strangely unstable. You block the gnoll's attack.
The gnoll misses you. The gnoll completely misses you.
The gnoll barely misses you. The gnoll attacks as you move away!
The gnoll barely misses you. The gnoll closely misses you.
The ogre barely misses you. The gnoll attacks as you move away!
The gnoll hits you with a +0 flail.
* * * LOW HITPOINT WARNING * * *
The gnoll attacks as you move away! You block the gnoll's attack.
The ogre attacks as you move away! The ogre hits you with a +0 giant club!
You die...

#.......
#.....########## ..#
#.....#........# ...#
...#.....'........# ...#
..#.))).#........#....#
#.#...†.##..####'#....#
##.###....#..###.......#
.....#....#....#.......#
.....#....#....#@......#
.....#....#....ggO.....#
.....'....#....#g......#
##..##....#'####.......#
##..#........ ........#
....#......... .....J..#
....#..................#
....#..................#
....#..................#


You could see an ogre, 3 gnolls and an endoplasm.

Vanquished Creatures
  Sigmund (D:2)
  An orc warrior (D:4)
  A sky beast (D:4)
  A phantom (D:4)
  Jessica (D:3)
  3 orc wizards
  4 adders (D:2)
  4 gnolls (D:2)
  4 worms
  2 dart slugs
  13 orcs
  4 bats
  4 endoplasms
  5 giant cockroaches
  2 goblins
  5 hobgoblins
  A quokka (D:1)
  6 ball pythons
  A frilled lizard (D:2)
  5 kobolds
  5 rats
  A spectral goblin (D:3)
74 creatures vanquished.

Vanquished Creatures (others)
  An orc priest (D:4)
1 creature vanquished.

Grand Total: 75 creatures vanquished

Notes
Turn   | Place    | Note
-------+----------+-------------------------------------------
     0 | D:1      | kingsuperguy the Hill Orc Monk began the quest for the Orb.
     0 | D:1      | Reached XP level 1. HP: 19/19 MP: 1/1
    46 | D:1      | Got the Encyclopedia of Shaping
   332 | D:1      | Reached XP level 2. HP: 27/27 MP: 2/2
  1226 | D:2      | Reached XP level 3. HP: 30/33 MP: 3/3
  1260 | D:2      | Noticed Sigmund
  1528 | D:2      | Reached skill level 5 in Axes
  1533 | D:2      | Found a shadowy altar of Dithmenos.
  1701 | D:2      | Reached XP level 4. HP: 35/40 MP: 4/4
  2199 | D:3      | Found a faded altar of an unknown god.
  2288 | D:3      | Noticed Jessica
  2299 | D:3      | Killed Jessica
  2427 | D:3      | Reached XP level 5. HP: 46/46 MP: 5/5
  2815 | D:4      | Noticed a phantom
  2836 | D:4      | Killed a phantom
  2837 | D:4      | Reached skill level 6 in Axes
  2837 | D:4      | Reached skill level 1 in Armour
  2904 | D:4      | Noticed an orc warrior
  2915 | D:4      | Noticed a sky beast
  2935 | D:3      | Reached skill level 1 in Shields
  3132 | D:4      | Reached XP level 6. HP: 30/53 MP: 6/6
  3308 | D:4      | HP: 3/79 [orc warrior/+1 short sword of flaming (3)]
  3311 | D:4      | Killed an orc warrior
  3380 | D:4      | Became a worshipper of Beogh the Brigand
  3380 | D:4      | Reached * piety under Beogh
  3380 | D:4      | Reached ** piety under Beogh
  3668 | D:4      | Noticed Eustachio
  3675 | D:5      | Entered Level 5 of the Dungeon
  3870 | D:5      | Noticed an ice beast
  4109 | D:2      | Killed Sigmund
  4110 | D:2      | Reached skill level 5 in Fighting
  4110 | D:2      | Reached skill level 7 in Axes
  4110 | D:2      | Reached XP level 7. HP: 30/61 MP: 5/7
  4770 | D:4      | Reached skill level 1 in Invocations
  4953 | D:4      | Slain by an ogre

Illustrated notes

Levels and vault maps discovered:
D:1:      elethiomel_arrival_quiet, layout_basic,
          chequers_serial_rivers_large_a, grunt_decor_fettered
D:2:      layout_basic, basic_altar, uniq_sigmund
D:3:      layout_loops_ring, dreamdust_ecumenical_altar_drowned_temple,
          uniq_jessica
D:4:      layout_gridville, uniq_eustachio
D:5:      layout_basic, minmay_temple_entry_statues, nicolae_specific_store,
          kennysheep_decorative_pillar, uniq_duvessa

Skill      XL: |  1  2  3  4  5  6  7 |
---------------+----------------------+-----
Fighting       | 4 5 |  5.2
Axes           | 5 6 7 |  7.9
Stealth        | 2 |  2.4
Armour         | 1 2 3 |  3.1
Dodging        | 3 |  3.2
Shields        | 1 2 |  2.0
Invocations    | 1 |  1.0
Evocations     | |  0.1

Action                   |  1- 3 |  4- 6 |  7- 9 || total
-------------------------+-------+-------+-------++-------
Melee: Hand axe          |   104 |   178 |    86 ||   368
       Punch             |     2 |     4 |     2 ||     8
Invok: Smiting           |       |     1 |       ||     1
       Convert to Beogh  |       |     1 |       ||     1
Evoke: Wand              |       |     1 |       ||     1
  Use: Potion            |     1 |     6 |       ||     7
       Scroll            |       |       |     2 ||     2
 Stab: Sleeping          |     2 |     1 |       ||     3
Armor: Robe              |    19 |       |       ||    19
       Ring mail         |     1 |    33 |    19 ||    53
       Skin              |       |    12 |       ||    12
Dodge: Dodged            |    62 |    61 |    40 ||   163
Block: Other             |     5 |    35 |    17 ||    57
       Reflection        |       |       |     1 ||     1
